GGWP

Match 21474788
End
Panzergrenadier Squad
Selects Armored Support Battlegroup
Panzergrenadier Squad
250 Light Carrier
Construct Light Support Kompanie
MG34 Team
Selects Superior Fire Drills
Fire Support Elements
Flakvierling Half-track
2.5-tonne Medical Truck
Vehicle Survival Package
Selects Salvage Kits
Pak 38 Mechanized Group
Construct Panzerarmee Kommand
Emergency Repair Kits
Combat Half-tracks
Kradschützen Motorcycle Team
Armored Reserves
Pak 38 Mechanized Group
Selects Panzer Storm
Selects Stuka Anti-tank Loiter
Rapid Advance
Tiger Heavy Tank
Advanced Optics
Stuka Anti-tank Loiter
Alpenwell
S K E N G
aSIIAnthrax
aSIISymbiosis
0
0

Comments sign in to comment!

No comments posted yet!